AoeStats
← Peru_o_O

Lombardia

510242713Analyzed
4v4 RM · 1d ago on Sep 30, 2026· 8m 32s· 8 players
Game mode
Random Map
Map size
Large (8 player)
Population
200
Speed
Normal
Resources
Standard
Victory
Conquest
Starting age
Dark Age
Ending age
Imperial Age
RankedLock teamsTeams togetherTeam positionsShared explorationLock speedFull tech treeHidden civsTurbo modeCheats
Victory
Defeat
🇺🇸 Magyars · United States
1312
+16
🇲🇽 Italians · Mexico
1194
+20
🇵🇪 Persians · Peru
1184
+21
🇵🇪 Cumans · Peru
1182
+21
🇦🇷 Britons · Argentina
1336
-21
1325
-21
🇨🇳 Georgians · China
1284
-19
1230
-17
[WWW - KT] Er MaRdiTho!
BocaJuniorsElMasGrande
2:36 Loom
3:25 Loom
4:00 Loom
4:57 Loom
6:49 Loom
7:15 Loom
8:06 Loom
mimikyu
9:00 Feudal Age
8:03 Loom
スターダスト
GMEX | Garlockmx
46631201
6:09 Loom
8:35 Feudal Age
Peru_Rush
9:16 Feudal Age
Peru_o_O
3:44 Loom
10:13 Feudal Age
Connection lost

Rejoining the realm…

Still unreachable

The connection could not be restored.

Session expired

The server has moved on; the page needs a fresh start.